AoeStats
← Skyrunningman

Arena

507378888Analyzed
1v1 RM · 1mo ago on Sep 18, 2026· 47m 0s· 2 players
Game mode
Random Map
Map size
Tiny (2 player)
Population
200
Speed
Normal
Resources
Standard
Victory
Conquest
Starting age
Dark Age
Ending age
Imperial Age
RankedLock teamsTeams togetherTeam positionsShared explorationLock speedFull tech treeHidden civsTurbo modeCheats
Victory
Defeat
🇬🇧 Khmer · United Kingdom
1786
+20
vs
🇦🇷 Hindustanis · Argentina
1868
-20
Skyrunningman
11:30 Feudal Age
14:29 Castle Age
12:20 Double-Bit Axe
12:17 Horse Collar
15:19 Bow Saw
16:07 Light Cavalry
21:59 Wheelbarrow
21:44 Husbandry
23:42 Gold Mining
24:53 Bloodlines
25:58 Gold Shaft Mining
26:55 Heavy Plow
29:55 Imperial Age
27:11 Loom
28:14 Hand Cart
27:44 Town Watch
28:40 Forging
28:37 Scale Barding Armor
29:00 Stone Mining
28:59 Pikeman
30:17 Iron Casting
30:27 Stone Shaft Mining
30:18 Halberdier
30:43 Arson
32:26 Blast Furnace
31:26 Scale Mail Armor
32:35 Crop Rotation
33:13 Scale Barding Armor
32:58 Heavy Scorpion
34:02 Chain Mail Armor
34:44 Ballistics
34:04 Hussar
35:17 Chain Barding Armor
36:13 Conscription
38:42 Plate Barding Armor
38:05 Capped Ram
39:32 Fletching
40:22 Siege Ram
43:53 Double Crossbow
44:19 Bodkin Arrow
NachoMontes
10:50 Feudal Age
14:30 Castle Age
12:22 Double-Bit Axe
12:44 Horse Collar
15:41 Bow Saw
16:11 Light Cavalry
19:06 Wheelbarrow
21:35 Heavy Plow
23:48 Husbandry
24:53 Hand Cart
27:09 Loom
27:19 Gold Mining
30:36 Imperial Age
29:45 Gold Shaft Mining
29:00 Stone Mining
29:58 Bloodlines
32:29 Chemistry
31:29 Heavy Camel Rider
32:22 Scale Barding Armor
32:51 Ballistics
33:09 Shatagni
33:30 Conscription
33:35 Padded Archer Armor
34:59 Chain Barding Armor
35:29 Grand Trunk Road
35:52 Leather Archer Armor
35:47 Forging
36:11 Masonry
37:05 Plate Barding Armor
36:44 Fletching
39:23 Bodkin Arrow
39:52 Siege Engineers
41:18 Murder Holes
41:24 Bracer
44:58 Iron Casting
45:26 Hoardings
44:49 Elite Skirmisher
45:16 Hussar
47:15 Scale Mail Armor
Connection lost

Rejoining the realm…

Still unreachable

The connection could not be restored.

Session expired

The server has moved on; the page needs a fresh start.